 Dungeon Crawl Stone Soup version 0.22-a0-831-g6c6de77 (webtiles) character file.

670159 BaronVonScrub the Dwarven Barricade (level 27, -5/316 HPs)
             Began as a Deep Dwarf Fighter on July 24, 2018.
             Was the Champion of Makhleb.
             Splashed by an acid blob's acid (6 damage)
             ... on level 5 of the Pits of Slime.
             The game lasted 03:46:23 (50215 turns).

BaronVonScrub the Dwarven Barricade (DDFi)         Turns: 50215, Time: 03:46:24

Health: -5/316     AC: -9    Str: 36    XL:     27
Magic:  16/16      EV: 26    Int: 12    God:    Makhleb [******]
Gold:   2363       SH: 38    Dex: 10    Spells: 26/26 levels left

rFire    + + .     SeeInvis +   e - +10 war axe "Hauguit" {chop, +Fly rF+ Dex-2}
rCold    + + .     Gourm    .   n - +18 shield of the Gong {rElec rN+ MR+ EV-5}
rNeg     + + .     Faith    .   c - +8 plate armour of Riuruoha {MR+ Str+4 Slay+2}
rPois    +         Spirit   .   p - +0 mask of the Dragon {MR+ Slay+3 SInv}
rElec    +         Reflect  .   o - +2 cloak {MR+}
rCorr    .         Harm     .   t - +2 pair of gloves
MR       +++++     Rnd*Rage +   j - +2 pair of boots
Stlth    ..........             V - amulet of the acrobat
HPRegen  0.00/turn              v - ring of Kibaschum {EV+2 Slay+6}
MPRegen  0.15/turn              z - ring "Vereumes" {rPois rF+ rC+ Slay+5}

@: corroded, berserk cooldown, non-regenerating, slowed, studying 2 skills, very
slow
A: damage resistance, heal wounds, hooves 2, berserk 2, blink, blurry vision 1,
cold resistance 1, deterioration 2, negative energy resistance 1, sense
surroundings 3, robust 1, electricity resistance, strong 1, MP-powered wands, no
regeneration
}: 4/15 runes: serpentine, barnacled, silver, abyssal
a: Heal Wounds, Blink, Minor Destruction, Lesser Servant of Makhleb, Major
Destruction, Greater Servant of Makhleb, Renounce Religion, Evoke Flight


You were on level 5 of the Pits of Slime.
You worshipped Makhleb.
Makhleb was exalted by your worship.
You were not hungry.

You visited 10 branches of the dungeon, and saw 50 of its levels.
You visited the Abyss 1 time.
You visited 2 bazaars.
You also visited: Labyrinth, Sewer and Ice Cave.

You collected 7187 gold pieces.
You spent 4824 gold pieces at shops.

Inventory:

Hand Weapons
 a - a +4 vampiric broad axe
 d - a +0 executioner's axe of flaming
 e - the +10 war axe "Hauguit" (weapon) {chop, +Fly rF+ Dex-2}
   (You found it on level 2 of the Depths)

   It inflicts extra damage upon your enemies.
   It affects your dexterity (-2).
   It protects you from fire.
   It lets you fly.
 y - the +8 hand axe of Vaeqisu {freeze, rN+ Str+3 Dex+4}
   (You took it off a deep elf sorcerer on level 3 of the Elven Halls)

   It has been specially enchanted to freeze those struck by it, causing extra
   injury to most foes and up to half again as much damage against particularly
   susceptible opponents.
   It can also slow down cold-blooded creatures.
   It affects your strength (+3).
   It affects your dexterity (+4).
   It protects you from negative energy.
 A - a +7 broad axe of flaming
 G - the +11 scythe of Fedhas's Hope {freeze, rPois rN++}
   (You found it on level 4 of the Shoals)

   It has been specially enchanted to freeze those struck by it, causing extra
   injury to most foes and up to half again as much damage against particularly
   susceptible opponents.
   It can also slow down cold-blooded creatures.
   It protects you from poison.
   It greatly protects you from negative energy.
Armour
 b - the +2 scale mail of the Will of the Gods {rPois rCorr Slay-5 Stlth-}
   (You found it on level 12 of the Dungeon)

   It affects your accuracy and damage with ranged weapons and melee attacks
   (-5).
   It protects you from poison.
   It provides partial protection from all sources of acid and corrosion.
   It makes you less stealthy.
 c - the +8 plate armour of Riuruoha (worn) {MR+ Str+4 Slay+2}
   (You bought it in a shop on level 2 of the Orcish Mines)

   It affects your strength (+4).
   It affects your accuracy and damage with ranged weapons and melee attacks
   (+2).
   It affects your resistance to hostile enchantments.
 j - a +2 pair of boots (worn)
 n - the +18 shield of the Gong (worn) {rElec rN+ MR+ EV-5}
   (You bought it in a shop in a bazaar)

   It affects your evasion (-5).
   It insulates you from electricity.
   It protects you from negative energy.
   It affects your resistance to hostile enchantments.
 o - a +2 cloak of magic resistance (worn)
 p - the +0 mask of the Dragon (worn) {MR+ Slay+3 SInv}
   (You found it on level 14 of the Dungeon)

   It affects your accuracy and damage with ranged weapons and melee attacks
   (+3).
   It affects your resistance to hostile enchantments.
   It lets you see invisible.
 t - a +2 pair of gloves (worn)
 S - +3 storm dragon scales {Bai Suzhen}
 T - the +0 helmet "Juubel" {rN++}
   (You found it on level 2 of the Depths)

   It greatly protects you from negative energy.
Jewellery
 g - an uncursed ring of positive energy
 q - an uncursed ring of protection from fire
 u - an uncursed ring of protection from cold
 v - the ring of Kibaschum (left hand) {EV+2 Slay+6}
   (You bought it in a shop on level 3 of the Depths)

   [ring of evasion]

   It affects your evasion (+2).
   It affects your accuracy and damage with ranged weapons and melee attacks
   (+6).
 z - the ring "Vereumes" (right hand) {rPois rF+ rC+ Slay+5}
   (You took it off a minotaur in a labyrinth)

   [ring of slaying]

   It affects your accuracy and damage with ranged weapons and melee attacks
   (+5).
   It protects you from fire.
   It protects you from cold.
   It protects you from poison.
 V - an amulet of the acrobat (around neck)
Wands
 B - a wand of disintegration (27)
 L - a wand of polymorph (46)
 P - a wand of acid (71)
 W - a wand of digging (38)
 Y - a wand of flame (44)
 Z - a wand of iceblast (48)
Scrolls
 h - 18 scrolls of teleportation
 i - 6 scrolls of magic mapping
 w - 2 scrolls of brand weapon
 x - 17 scrolls of identify
 F - 7 scrolls of remove curse
 M - 7 scrolls of blinking
 Q - 13 scrolls of fear
Potions
 l - 19 potions of curing
 r - 7 potions of heal wounds
 C - 6 potions of ambrosia
 D - 2 potions of berserk rage
 E - 11 potions of haste
 H - 3 potions of invisibility
 I - 8 potions of brilliance
 J - 3 potions of cancellation
 K - 3 potions of resistance
 U - 7 potions of agility
 X - 7 potions of might
Books
 N - a manual of Staves
 O - a manual of Polearms
Miscellaneous
 k - 2 phantom mirrors
 m - a fan of gales
 R - a lamp of fire
Comestibles
 f - 83 rations


   Skills:
 + Level 24.4 Fighting
   Level 1.2 Long Blades
 O Level 27 Axes
 * Level 19.7 Armour
 * Level 10.7 Dodging
 O Level 27 Shields


You had 26 spell levels left.
You didn't know any spells.
Your spell library contained the following spells:

 Spells                   Type           Power        Failure   Level  Hunger
 Cause Fear               Hex            #.........   100%        4    #####..
 Magic Dart               Conj           #...         73%         1    ##.....
 Fireball                 Conj/Fire      #.........   100%        5    ######.
 Apportation              Tloc           #.....       73%         1    ##.....
 Conjure Flame            Conj/Fire      #.......     97%         3    ####...
 Bolt of Fire             Conj/Fire      #.........   100%        6    #######
 Lightning Bolt           Conj/Air       #.........   100%        5    ######.
 Bolt of Magma            Conj/Fire/Erth #.........   100%        5    ######.
 Confuse                  Hex            #.......     97%         3    ####...
 Invisibility             Hex            #.......     100%        6    #######
 Throw Flame              Conj/Fire      #.....       86%         2    ###....
 Controlled Blink         Tloc           N/A          100%        8    #######
 Freezing Cloud           Conj/Ice/Air   #.........   100%        6    #######
 Mephitic Cloud           Conj/Pois/Air  #.......     97%         3    ####...
 Ring of Flames           Chrm/Fire      #.........   100%        7    #######
 Venom Bolt               Conj/Pois      #.........   100%        5    ######.
 Death's Door             Chrm/Necr      #.........   100%        8    #######
 Summon Small Mammal      Summ           #...         73%         1    ##.....
 Bolt of Draining         Conj/Necr      #.........   100%        5    ######.
 Iskenderun's Mystic Bla  Conj           #.......     100%        4    #####..
 Animate Dead             Necr           N/A          100%        4    #####..
 Pain                     Necr           #...         73%         1    ##.....
 Animate Skeleton         Necr           N/A          73%         1    ##.....
 Vampiric Draining        Necr           #.........   97%         3    ####...
 Haunt                    Necr/Summ      #.........   100%        7    #######
 Borgnjor's Revivificati  Necr           #.........   100%        8    #######
 Sticky Flame             Conj/Fire      #.......     100%        4    #####..
 Summon Ice Beast         Ice/Summ       #.......     100%        4    #####..
 Call Imp                 Summ           #.......     86%         2    ###....
 Regeneration             Chrm/Necr      #.........   97%         3    ####...
 Sting                    Conj/Pois      #...         73%         1    ##.....
 Sublimation of Blood     Necr           #.........   86%         2    ###....
 Tukima's Dance           Hex            #.......     97%         3    ####...
 Corpse Rot               Necr           N/A          86%         2    ###....
 Iron Shot                Conj/Erth      #.........   100%        6    #######
 Stone Arrow              Conj/Erth      #.....       97%         3    ####...
 Shock                    Conj/Air       #...         73%         1    ##.....
 Swiftness                Chrm/Air       #.......     86%         2    ###....
 Agony                    Necr           #.......     100%        5    ######.
 Spider Form              Tmut/Pois      #.........   97%         3    ####...
 Blade Hands              Tmut           #.........   100%        5    ######.
 Statue Form              Tmut/Erth      #........    100%        6    #######
 Ice Form                 Ice/Tmut       #.......     100%        4    #####..
 Dragon Form              Tmut           #.........   100%        7    #######
 Necromutation            Tmut/Necr      #.........   100%        8    #######
 Deflect Missiles         Chrm/Air       #.........   100%        6    #######
 Throw Icicle             Conj/Ice       #.......     100%        4    #####..
 Airstrike                Air            #.........   100%        4    #####..
 Shadow Creatures         Summ           N/A          100%        6    #######
 Confusing Touch          Hex            #.....       73%         1    ##.....
 Flame Tongue             Conj/Fire      #....        73%         1    ##.....
 Passwall                 Tmut/Erth      #.......     86%         2    ###....
 Ignite Poison            Fire/Tmut/Pois #.......     97%         3    ####...
 Sticks to Snakes         Tmut           #.......     86%         2    ###....
 Call Canine Familiar     Summ           #.......     97%         3    ####...
 Ensorcelled Hibernation  Hex/Ice        #.....       86%         2    ###....
 Silence                  Hex/Air        #.........   100%        5    ######.
 Shatter                  Erth           #.........   100%        9    #######
 Static Discharge         Conj/Air       #.......     97%         3    ####...
 Corona                   Hex            #......      73%         1    ##.....
 Alistair's Intoxication  Tmut/Pois      #.......     100%        5    ######.
 Lee's Rapid Deconstruct  Erth           #.........   100%        5    ######.
 Sandblast                Erth           #.....       73%         1    ##.....
 Simulacrum               Ice/Necr       #.........   100%        6    #######
 Excruciating Wounds      Chrm/Necr      #.........   100%        5    ######.
 Portal Projectile        Hex/Tloc       #.....       97%         3    ####...
 Petrify                  Tmut/Erth      #.......     100%        4    #####..
 Passage of Golubria      Tloc           N/A          100%        4    #####..
 Tornado                  Air            #.........   100%        9    #######
 Leda's Liquefaction      Hex/Erth       #.........   100%        4    #####..
 Darkness                 Hex            #.........   100%        6    #######
 Shroud of Golubria       Chrm/Tloc      #.........   86%         2    ###....
 Inner Flame              Hex/Fire       #.......     97%         3    ####...
 Beastly Appendage        Tmut           #.....       73%         1    ##.....
 Iskenderun's Battlesphe  Conj/Chrm      #.......     100%        5    ######.
 Fulminant Prism          Conj/Hex       #.........   100%        4    #####..
 Dazzling Spray           Conj/Hex       #.....       97%         3    ####...
 Force Lance              Conj/Tloc      #.......     100%        4    #####..
 Searing Ray              Conj           #.....       86%         2    ###....
 Discord                  Hex            #.........   100%        8    #######
 Summon Forest            Summ/Tloc      #.........   100%        5    ######.
 Summon Lightning Spire   Summ/Air       #.......     100%        4    #####..
 Summon Guardian Golem    Hex/Summ       #.......     97%         3    ####...
 Dragon's Call            Summ           #.........   100%        9    #######
 Hydra Form               Tmut           #.........   100%        6    #######
 Irradiate                Conj/Tmut      #.........   100%        5    ######.
 Yara's Violent Unravell  Hex/Tmut       #.........   100%        5    ######.
 Infestation              Necr           #.........   100%        8    #######
 Lesser Beckoning         Tloc           #.........   97%         3    ####...
 Poisonous Vapours        Pois/Air       #.....       86%         2    ###....
 Ignition                 Fire           #.........   100%        8    #######
 Borgnjor's Vile Clutch   Necr/Erth      #.........   100%        5    ######.


Dungeon Overview and Level Annotations

Branches:
Dungeon (15/15)            Temple (1/1) D:4            Lair (6/6) D:8
 Shoals (4/4) Lair:2        Snake (4/4) Lair:2        Slime (5/5) Lair:6
    Orc (2/2) D:10            Elf (3/3) Orc:2        Vaults (5/5) D:14
  Crypt (0/3) Vaults:2     Depths (5/5) D:15            Zot (0/5) Depths:5

Altars:
Ashenzari
Cheibriados
Dithmenos
Elyvilon
Fedhas
Gozag
Hepliaklqana
Kikubaaqudgha
Makhleb
Nemelex Xobeh
Okawaru
Qazlal
Ru
Sif Muna
Trog
Uskayaw
Vehumet
Wu Jian
Xom
Yredelemnul
Zin
The Shining One

Shops:
D:5 *   D:7 *   D:11 %([   Orc:2 (:*[   Elf:2 :[!   Elf:3 *[   Shoals:1 [
Vaults:2 =   Depths:2 *!   Depths:3 =

Portals:
Hell: Depths:1 Depths:2 Depths:3 Depths:4 Depths:5
Abyss: Depths:4
Pandemonium: Depths:3 Depths:5
Ziggurat: Depths:5


Innate Abilities, Weirdness & Mutations

You are resistant to damage.
You can heal yourself by infusing magical energy.
You resist negative energy. (rN+)
You passively map a large area around you.
You do not regenerate.
You have hoof-like feet.
You often lose your temper in combat.
You can translocate small distances at will.
Scrolls take you a little longer to read.
Your flesh is cold resistant. (rC+)
Your body often deteriorates upon taking damage.
You are robust. (+10% HP)
You are resistant to electric shocks. (rElec)
Your muscles are strong. (Str +2)
You expend magic power (3 MP) to strengthen your wands.


Message History

* * * LOW HITPOINT WARNING * * *
The acid blob is almost dead.
You block the acid blob's attack.
BONNNG!
Unknown command.
You feel much better. The acid blob hits you!!
* * * LOW HITPOINT WARNING * * *
You are splashed with acid!
The acid burns!
* * * LOW HITPOINT WARNING * * *
The acid blob spits acid at you. The splash of acid hits you!
* * * LOW HITPOINT WARNING * * *
You are splashed with acid!
The acid burns!
* * * LOW HITPOINT WARNING * * *
Okay, then.
The acid blob spits acid at you. The splash of acid hits you!
* * * LOW HITPOINT WARNING * * *
You are splashed with acid!
The acid burns!
You die...

####* ###.#.,*####
#.....##...#
##....#.....### *
##..............* * * *
.####.......<....... * ,
* ,....................
, ,** ,
............@....... , *
,.................... ,
, , ............J.......
,, , ,
,....................,,,
, ,, , ,
.................... ,,,
, ....................,
, , , ,
.................... , ,
.................... , ,
.................... ,,,
,


You could see an acid blob.

Vanquished Creatures
  Dissolution (Slime:2)
  the Royal Jelly (Slime:5)
  2 juggernauts
  Boris (Vaults:2)
  Bai Suzhen (Depths:2)
  A caustic shrike (shapeshifter) (Vaults:5)
  A golden dragon (Vaults:4)
  5 bone dragons
  A profane servitor (Abyss:5)
  Nikola (Vaults:1)
  9 liches
  Rupert (D:14)
  Jorgrun (Depths:1)
  A hellephant (Abyss:1)
  4 tentacled monstrosities
  3 deep elf blademasters
  7 titans
  The ghost of moogleknight the Scorcher, an adept DrFE of Vehumet (Elf:2)
  2 deep elf master archers (Elf:3)
  A quicksilver dragon (Abyss:5)
  Asterion (Vaults:3)
  23 acid blobs
  An Executioner (Abyss:5)
  19 tentacled starspawn
  2 ancient champions
  2 sphinxes
  Polyphemus (Shoals:2)
  Agnes (Elf:1)
  5 tengu reavers
  4 shadow dragons
  Kirke (Elf:1)
  6 azure jellies
  3 storm dragons
  9 nagarajas
  Ilsuiw (Shoals:3)
  14 frost giants
  2 daevas (Depths:5)
  3 revenants
  11 fire giants
  14 vault wardens
  A draconian knight (Abyss:5)
  4 iron dragons
  A draconian scorcher (Depths:5)
  2 cacodemons
  10 deep elf sorcerers
  Louise (D:15)
  A balrug (Abyss:5)
  2 draconian shifters
  5 deep elf elementalists
  Aizul (Shoals:2)
  31 very ugly things
  2 entropy weavers
  2 war gargoyles (Vaults:5)
  3 vampire knights
  The ghost of Oakenhold the Severer, a journeyman MiBe of Trog (D:15)
  14 ironheart preservers
  2 ophanim (Abyss:5)
  24 stone giants
  A green draconian (Depths:5)
  A black draconian (Depths:5)
  7 lorocyprocas
  Nessos (D:12)
  8 deep elf annihilators
  11 deep elf demonologists
  A purple draconian (Depths:5)
  3 spark wasps
  2 white draconians
  A red draconian (Depths:5)
  A minotaur (Lab)
  5 dire elephants (Lair:6)
  2 merfolk javelineers (Shoals:4)
  8 deep elf death magi
  2 blizzard demons
  10 ettins
  A green death (Abyss:5)
  A jiangshi (Vaults:2)
  9 death oozes
  7 merfolk impalers
  A crystal guardian (Vaults:4)
  18 yaktaur captains
  Erolcha (D:11)
  21 great orbs of eyes
  11 rakshasas
  20 fire dragons
  8 deep elf high priests
  A hydra (shapeshifter) (Vaults:5)
  30 vault guards
  9 ice dragons
  3 death knights
  7 spriggan air magi
  12 naga warriors
  9 centaur warriors
  Erica (D:11)
  15 anacondas
  9 hydras
  2 catoblepae
  2 alligator snapping turtles (Shoals:3)
  5 merfolk aquamancers
  12 ogre magi
  40 two-headed ogres
  8 deep troll shamans
  4 hell hogs (Abyss:5)
  31 dancing weapons
  5 death yaks
  7 tengu warriors
  19 naga sharpshooters
  20 thrashing horrors
  A titan zombie (Abyss:1)
  Urug (D:14)
  An orc high priest (Depths:2)
  3 spriggan berserkers
  13 deep troll earth magi
  6 shock serpents
  26 deep elf knights
  4 sun demons
  25 wretched stars
  A storm dragon zombie (Abyss:4)
  A shadow wraith (Vaults:3)
  A hell knight (Depths:2)
  27 sea snakes
  57 large abominations
  8 salamander mystics
  7 iron trolls
  30 small abominations
  4 sixfirhies
  14 skeletal warriors
  6 unseen horrors
  9 glowing orange brains
  44 deep trolls
  A glowing orange brain (shapeshifter) (Abyss:5)
  An infernal demonspawn (Depths:5)
  3 spatial maelstroms
  3 unseen horrors (shapeshifter)
  5 lindwurms
  32 harpies
  3 flayed ghosts
  19 deep elf archers
  10 orc knights
  A shadow demon (Abyss:3)
  4 wizards
  An orange crystal statue (Vaults:3)
  A sphinx zombie (Depths:3)
  A tengu zombie (Depths:3)
  14 naga ritualists
  5 phantasmal warriors
  An orb spider (Abyss:5)
  6 necromancers
  A mana viper (shapeshifter) (Vaults:5)
  15 ironbrand convokers
  A tengu skeleton (Vaults:3)
  A harpy (shapeshifter) (Depths:4)
  An iron dragon zombie (Depths:4)
  16 mana vipers
  A shadow dragon skeleton (Depths:3)
  A wolf spider zombie (D:14)
  85 deep elf magi
  5 fauns
  5 orc sorcerers
  A fire giant zombie (Vaults:3)
  2 moths of wrath (shapeshifter)
  4 wolf spiders
  12 manticores
  15 cyclopes
  49 ugly things
  6 worldbinders
  30 elephants
  5 shining eyes
  37 black mambas
  A black mamba (shapeshifter) (Abyss:1)
  6 merfolk sirens
  An apocalypse crab (Abyss:2)
  2 frost giant skeletons (Vaults:4)
  10 guardian serpents
  4 centaur zombies
  19 salamanders
  A human skeleton (Vaults:4)
  An ice statue (IceCv)
  5 water nymphs
  2 torpor snails
  25 naga magi
  A water nymph (shapeshifter) (Vaults:5)
  12 vault sentinels
  A titan simulacrum (Depths:4)
  19 smoke demons
  2 fire giant skeletons
  2 rust devils
  6 spiny frogs
  3 gargoyles
  3 eyes of devastation
  4 kobold demonologists
  4 orange demons
  3 demonic crawlers
  A redback zombie (D:14)
  6 komodo dragons
  3 rime drakes
  A komodo dragon (shapeshifter) (Depths:5)
  3 efreet
  2 yaktaurs (shapeshifter)
  79 yaktaurs
  5 tengu conjurers
  3 tormentors (Abyss:5)
  2 golden dragon simulacra
  A hellwing (Abyss:5)
  9 freezing wraiths
  13 ancient zymes
  16 polar bears (IceCv)
  4 meliai (Abyss:5)
  3 red devils
  A queen bee (Abyss:5)
  31 merfolk
  A tengu simulacrum (Vaults:3)
  A meliai (shapeshifter) (Depths:1)
  A jumping spider (Vaults:3)
  11 trolls
  A tyrant leech (shapeshifter) (Vaults:5)
  A wind drake (shapeshifter) (Vaults:1)
  2 blink frogs (shapeshifter) (Vaults:2)
  4 harpy zombies (Shoals:2)
  6 wind drakes
  A raiju (shapeshifter) (Vaults:4)
  73 slime creatures
  5 hippogriffs
  4 hornets
  A fire giant simulacrum (Depths:4)
  An ice dragon zombie (Abyss:3)
  74 raiju
  11 snapping turtles
  8 dream sheep
  17 blink frogs
  14 flying skulls
  2 shadows (D:14)
  An elf skeleton (Depths:4)
  A meliai zombie (D:14)
  88 starcursed masses
  3 redbacks
  3 air elementals
  11 ynoxinuls
  2 wraiths
  16 water elementals
  50 yaks
  A fire bat (shapeshifter) (Elf:2)
  2 spriggans
  3 wyverns
  A spriggan skeleton (Depths:3)
  16 humans (D:14)
  3 fire elementals
  3 hungry ghosts
  A human (shapeshifter) (Vaults:2)
  2 fire bats (Abyss:2)
  5 golden eyes
  2 basilisks (Lair:2)
  9 neqoxecs
  19 chaos spawn
  A golden eye (shapeshifter) (Vaults:1)
  7 hogs (Elf:1)
  A steam dragon (D:9)
  A hog (shapeshifter) (Vaults:1)
  10 vampire mosquitoes
  4 insubstantial wisps (Abyss:5)
  The ghost of Annan the Covert, an amateur OpAs (D:3)
  A harpy simulacrum (D:15)
  5 wargs
  5 spatial vortices (Abyss:5)
  52 nagas
  An acid dragon (shapeshifter) (Depths:2)
  A soldier ant (D:10)
  14 water moccasins
  Duvessa (D:5)
  3 hell hounds (Abyss:5)
  3 floating eyes
  8 porcupines
  2 black bears (D:8)
  7 eyes of draining
  4 sky beasts
  4 ice beasts
  A spiny frog skeleton (Abyss:1)
  2 elf zombies
  35 orc warriors
  3 phantoms
  A tengu (shapeshifter) (Abyss:3)
  A necrophage (D:8)
  39 ogres
  15 centaurs
  5 boggarts
  26 wolves
  8 crocodiles
  8 big kobolds
  A hippogriff zombie (Shoals:2)
  9 bullfrogs
  A human zombie (Vaults:4)
  Dowan (D:5)
  8 gnoll sergeants (D:10)
  3 earth elementals
  A wyvern zombie (D:12)
  A glowing shapeshifter simulacrum (Depths:4)
  A wyvern skeleton (D:15)
  4 scorpions
  17 killer bees
  3 wights (Abyss:1)
  2 howler monkeys (D:14)
  8 electric eels
  10 crimson imps
  A bullfrog zombie (D:12)
  A human simulacrum (Vaults:3)
  2 quasits
  7 hounds
  6 jellies
  3 bullfrog skeletons
  A gnoll shaman (D:8)
  17 orc priests
  19 orc wizards
  6 centaur skeletons
  2 iron imps
  Crazy Yiuf (D:2)
  4 iguanas
  7 worker ants
  2 killer bee zombies
  A centaur simulacrum (Abyss:1)
  2 worker ant zombies
  12 gnolls
  3 river rats
  13 adders
  4 shadow imps
  5 white imps
  4 ufetubi
  An ooze (D:3)
  3 adder skeletons
  An adder zombie (D:2)
  7 worms
  4 dart slugs
  8 leopard geckos
  79 orcs
  4 giant cockroaches
  9 goblins
  7 hobgoblins
  13 jackals
  9 quokkas
  A ball python (D:5)
  10 bats
  3 frilled lizards
  A jackal skeleton (D:9)
  33 kobolds
  A leopard gecko zombie (D:2)
  11 rats
  10 crawling corpses
  9 fungi
  30 plants
  26 starspawn tentacles
2935 creatures vanquished.

Vanquished Creatures (collateral kills)
  2 hydras
  A black mamba (Lair:4)
  An elephant (Lair:4)
  A water moccasin (Lair:4)
  A crocodile (Lair:4)
6 creatures vanquished.

Vanquished Creatures (others)
  An ancient lich (Vaults:5)
  A frost giant (Vaults:5)
  2 fire giants
  A tengu warrior (Depths:1)
  A wretched star (Abyss:5)
  A deep troll (Vaults:5)
  2 deep elf magi
  A demonic crawler (Abyss:5)
  A meliai (Abyss:5)
  A large abomination (Abyss:5)
  A raiju (Abyss:4)
  An air elemental (Elf:1)
  A wraith (Abyss:5)
  A spatial vortex (Abyss:5)
  2 bullfrogs (D:14)
  A small abomination (Abyss:4)
  A starcursed mass (Abyss:5)
  A bush (Lair:6)
  9 fungi (Lair:6)
  3 lurking horrors
  22 plants
  35 starspawn tentacles
90 creatures vanquished.

Grand Total: 3031 creatures vanquished

Notes
Turn   | Place    | Note
-------+----------+-------------------------------------------
     0 | D:1      | BaronVonScrub the Deep Dwarf Fighter began the quest for the Orb.
     0 | D:1      | Reached XP level 1. HP: 20/20 MP: 1/1
    90 | D:1      | Reached XP level 2. HP: 25/27 MP: 2/2
   405 | D:1      | Reached XP level 3. HP: 26/33 MP: 3/3
  1034 | D:2      | Reached XP level 4. HP: 40/40 MP: 4/4
  1439 | D:2      | Found a runed door.
  1555 | D:2      | Noticed Crazy Yiuf
  1563 | D:2      | Killed Crazy Yiuf
  1563 | D:2      | Reached XP level 5. HP: 33/49 MP: 2/5
  1714 | D:3      | Reached skill level 1 in Dodging
  2107 | D:3      | Found a runed gate.
  2107 | D:3      | Found a runed gate.
  2107 | D:3      | Found an opulent altar of Gozag.
  2107 | D:3      | Found a runed gate.
  2120 | D:3      | Noticed Annan's ghost (amateur OpAs)
  2146 | D:3      | Killed Annan's ghost
  2146 | D:3      | Reached skill level 5 in Axes
  2146 | D:3      | Reached XP level 6. HP: 52/56 MP: 6/6
  2711 | D:4      | Reached XP level 7. HP: 36/62 MP: 7/7
  2715 | D:4      | Reached skill level 5 in Shields
  2803 | D:4      | Found a staircase to the Ecumenical Temple.
  2906 | Temple   | Entered the Ecumenical Temple
  2959 | Temple   | Became a worshipper of Makhleb the Destroyer
  3168 | D:4      | Found an opulent altar of Gozag.
  3325 | D:5      | Entered Level 5 of the Dungeon
  3403 | D:5      | Reached XP level 8. HP: 49/72 MP: 7/7
  3436 | D:5      | Found Dopoydir's General Store.
  3450 | D:5      | Gained mutation: You occasionally shout uncontrollably at your foes. [potion of mutation]
  3450 | D:5      | Gained mutation: You are resistant to electric shocks. (rElec) [potion of mutation]
  3450 | D:5      | Gained mutation: Your flesh is cold resistant. (rC+) [potion of mutation]
  3450 | D:5      | Gained mutation: You evolve. [potion of mutation]
  3451 | D:5      | Bought a potion of heal wounds for 75 gold pieces
  3619 | D:5      | Noticed Duvessa
  3619 | D:5      | Noticed Dowan
  3630 | D:5      | Killed Duvessa
  3643 | D:5      | Killed Dowan
  3643 | D:5      | Reached skill level 5 in Armour
  4086 | D:6      | Found a glowing drain.
  4116 | Sewer    | Entered a sewer
  4187 | Sewer    | Reached * piety under Makhleb
  4209 | Sewer    | Found a white marble altar of Elyvilon.
  4603 | D:6      | Gained mutation: You tend to lose your temper in combat. [evolution]
  4744 | D:6      | Gained mutation: You passively map the area around you. [Deep Dwarf growth]
  4744 | D:6      | Reached XP level 9. HP: 79/79 MP: 7/7
  4797 | D:6      | You fall through a shaft for 3 floors!
  5002 | D:9      | Reached skill level 5 in Fighting
  5071 | D:9      | Reached skill level 10 in Axes
  5071 | D:9      | Noticed a troll
  5080 | D:9      | Killed a troll
  5080 | D:9      | Reached ** piety under Makhleb
  5330 | D:9      | Found a basalt altar of Yredelemnul.
  5423 | D:9      | Gained mutation: Your muscles are strong. (Str +2) [evolution]
  5455 | D:9      | Found a glowing silver altar of Zin.
  5465 | D:9      | Reached XP level 10. HP: 52/90 MP: 8/8
  6141 | D:8      | Found a staircase to the Lair.
  6393 | D:8      | Reached *** piety under Makhleb
  6703 | D:7      | Found a snail-covered altar of Cheibriados.
  6780 | D:7      | Found Qupsekess's Assorted Antiques.
  6786 | D:7      | Bought a potion of curing for 102 gold pieces
  6786 | D:7      | Bought a potion of curing for 102 gold pieces
  6966 | D:7      | Reached skill level 5 in Dodging
  7713 | D:10     | Entered Level 10 of the Dungeon
  8015 | D:10     | Killed an unseen horror
  8075 | D:10     | Noticed a two-headed ogre
  8100 | D:10     | Killed a two-headed ogre
  8100 | D:10     | Reached XP level 11. HP: 88/99 MP: 0/9
  8156 | D:10     | Reached **** piety under Makhleb
  8159 | D:10     | Got a transparent chain mail
  8170 | D:10     | Identified the +6 chain mail of the Disturbing Orbs {rC- Regen+ Str+7 Stlth+} (You found it on level 10 of the Dungeon)
  8389 | D:10     | Found a staircase to the Orcish Mines.
  8781 | D:11     | Noticed a cyan ugly thing
  8791 | D:11     | Killed a cyan ugly thing
  8794 | D:11     | Reached ***** piety under Makhleb
  8818 | D:11     | Found a stormy altar of Qazlal.
  8938 | D:11     | Noticed Erica
  8952 | D:11     | Killed Erica
  8952 | D:11     | Reached skill level 10 in Shields
  9078 | D:11     | Noticed a cyan ugly thing
  9086 | D:11     | Killed a cyan ugly thing
  9185 | D:11     | Noticed Erolcha
  9195 | D:11     | Killed Erolcha
  9204 | D:11     | Found Uwkuss's Antique Weapon Shop.
  9363 | D:11     | Found Onyu's Food Shop.
  9516 | D:11     | Found Qiohyk's Antique Armour Boutique.
  9801 | D:12     | Noticed a deep elf mage
  9801 | D:12     | Noticed a deep elf mage
  9801 | D:12     | Noticed a deep elf mage
  9802 | D:12     | Noticed a deep elf mage
  9802 | D:12     | Noticed a deep elf mage
  9802 | D:12     | Noticed a deep elf mage
  9803 | D:12     | Noticed a deep elf mage
  9803 | D:12     | Noticed a deep elf mage
  9809 | D:12     | Killed a deep elf mage
  9813 | D:12     | Noticed a skeletal warrior
  9824 | D:12     | Noticed a sixfirhy
  9828 | D:12     | Noticed a skeletal warrior
  9831 | D:12     | Killed a deep elf mage
  9831 | D:12     | Noticed a sixfirhy
  9834 | D:12     | Noticed a skeletal warrior
  9843 | D:12     | Killed a deep elf mage
  9853 | D:12     | Noticed a skeletal warrior
  9861 | D:12     | Killed a skeletal warrior
  9865 | D:12     | Noticed a sun demon
  9868 | D:12     | Killed a skeletal warrior
  9868 | D:12     | Reached XP level 12. HP: 110/110 MP: 0/9
 10049 | D:12     | Got a brightly glowing scale mail
 10050 | D:12     | Identified the +2 scale mail of the Will of the Gods {rPois rCorr Slay-5 Stlth-} (You found it on level 12 of the Dungeon)
 10220 | D:12     | Noticed a seven-headed hydra
 10245 | D:12     | Killed a 19-headed hydra
 10302 | D:12     | Noticed a six-headed hydra
 10337 | D:12     | Killed a six-headed hydra
 10508 | D:12     | Noticed Nessos
 10517 | D:12     | Killed Nessos
 10859 | D:13     | Noticed a centaur warrior
 10867 | D:13     | Killed a centaur warrior
 10939 | D:13     | Noticed a two-headed ogre
 10945 | D:13     | Reached XP level 13. HP: 118/118 MP: 0/8
 10948 | D:13     | Reached skill level 15 in Axes
 11363 | D:14     | Found a gate to the Vaults.
 11363 | D:14     | Found a labyrinth entrance.
 11363 | D:14     | Noticed Urug
 11363 | D:14     | Noticed Rupert
 11369 | D:14     | Reached ****** piety under Makhleb
 11393 | D:14     | Killed Rupert
 11408 | D:14     | Killed Urug
 11433 | Lab      | Entered a labyrinth
 11963 | Lab      | Noticed a minotaur
 11975 | Lab      | Killed a minotaur
 11977 | Lab      | Got a pitted platinum ring
 11983 | Lab      | Identified the Almanac of Dark Poison
 12127 | D:14     | Found a shadowy altar of Dithmenos.
 12189 | D:14     | Reached skill level 10 in Fighting
 12396 | D:14     | Found the +0 mask of the Dragon {MR+ Slay+3 SInv}
 12465 | D:15     | Entered Level 15 of the Dungeon
 12650 | D:14     | Reached skill level 10 in Armour
 12669 | D:15     | Gained mutation: You resist negative energy. (rN+) [Deep Dwarf growth]
 12669 | D:15     | Reached XP level 14. HP: 132/132 MP: 0/9
 12778 | D:15     | Found a runed gate.
 12778 | D:15     | Found a runed gate.
 12778 | D:15     | Found a runed gate.
 12781 | D:15     | Noticed Oakenhold's ghost (journeyman MiBe)
 13261 | D:15     | Found a staircase to the Depths.
 13318 | D:15     | Noticed Louise
 13343 | D:15     | Killed Louise
 13545 | D:15     | Killed Oakenhold's ghost
 13577 | D:15     | Got an ichor-stained scimitar
 13580 | D:15     | Identified the +7 scimitar of Qoseannaxt {antimagic, rF+} (You found it on level 15 of the Dungeon)
 13776 | Lair:1   | Entered Level 1 of the Lair of Beasts
 14181 | Lair:1   | Gained mutation: You have an increased reservoir of magic. (+10% MP) [evolution]
 14509 | Lair:2   | Found a frozen archway.
 14529 | IceCv    | Entered an ice cave
 14797 | IceCv    | Identified the ring "Vereumes" {rPois rF+ rC+ Slay+5} (You took it off a minotaur in a labyrinth)
 14934 | IceCv    | Noticed a frost giant
 14945 | IceCv    | Killed a frost giant
 14973 | IceCv    | Got an ancient plate armour
 14987 | IceCv    | Identified the cursed +1 plate armour "Kytoj" {MR+ SInv} (You found it in an ice cave)
 15000 | IceCv    | Got an encrusted buckler
 15011 | IceCv    | Identified the +1 buckler of the First Lives {+Fly rF+} (You found it in an ice cave)
 15013 | IceCv    | Got a coiled bronze ring
 15315 | Lair:2   | Identified the ring "Kiffuubb" {*Corrode +Blink rC+ Str+3} (You found it in an ice cave)
 15320 | Lair:2   | Identified a scroll of acquirement
 15494 | Lair:2   | Found a staircase to the Shoals.
 15535 | Lair:2   | Found a staircase to the Snake Pit.
 16321 | Lair:3   | Reached XP level 15. HP: 142/142 MP: 0/10
 17015 | Lair:4   | Gained mutation: You are robust. (+10% HP) [evolution]
 17691 | D:4      | Got a pair of ichor-stained gloves
 17702 | D:4      | Identified the +2 pair of gloves of the Soldier {*Slow rN+ Int+3} (You found it on level 4 of the Dungeon)
 18145 | Lair:5   | Found a runed door.
 19004 | Lair:5   | Got a translucent bronze ring
 19006 | Lair:5   | Identified the ring "Zetheuz" {+Inv EV+3} (You found it on level 5 of the Lair of Beasts)
 19029 | Lair:6   | Entered Level 6 of the Lair of Beasts
 19035 | Lair:6   | Found a staircase to the Slime Pits.
 19158 | Lair:6   | Reached skill level 1 in Long Blades
 19174 | Lair:6   | Reached skill level 15 in Shields
 20106 | Snake:1  | Entered Level 1 of the Snake Pit
 20133 | Snake:1  | Found a burning altar of Makhleb.
 20302 | Snake:1  | Reached XP level 16. HP: 158/172 MP: 10/10
 22732 | Snake:4  | Entered Level 4 of the Snake Pit
 22828 | Snake:4  | Reached skill level 15 in Fighting
 22837 | Snake:4  | Reached XP level 17. HP: 187/187 MP: 11/11
 23749 | Snake:4  | Got a serpentine rune of Zot
 24021 | Orc:1    | Entered Level 1 of the Orcish Mines
 24431 | Orc:1    | Gained mutation: You have large cloven feet. [evolution]
 24558 | Orc:2    | Entered Level 2 of the Orcish Mines
 24586 | Orc:2    | Found Feboatu's Antique Armour Boutique.
 24646 | Orc:2    | Found Elomyvi's Book Shop.
 24648 | Orc:2    | Found a staircase to the Elven Halls.
 24697 | Orc:2    | Found Xikk's General Store.
 24708 | Orc:2    | Gained mutation: You passively map a large area around you. [Deep Dwarf growth]
 24708 | Orc:2    | Reached XP level 18. HP: 194/199 MP: 12/12
 24719 | Orc:2    | Bought a scroll of enchant weapon for 75 gold pieces
 24719 | Orc:2    | Bought the +8 plate armour of Riuruoha {MR+ Str+4 Slay+2} for 924 gold pieces
 24745 | Orc:2    | Found Uqaj's Antique Weapon Boutique.
 25561 | Shoals:1 | Entered Level 1 of the Shoals
 25878 | Shoals:1 | Found Ehauph's Antique Armour Emporium.
 25917 | Shoals:1 | Bought a runed cloak for 210 gold pieces
 26472 | Shoals:2 | Noticed Aizul
 26486 | Shoals:2 | Killed Aizul
 26579 | Shoals:2 | Noticed Polyphemus
 26611 | Shoals:2 | Killed Polyphemus
 27072 | Shoals:3 | Noticed Ilsuiw
 27158 | Shoals:3 | Killed Ilsuiw
 27618 | Shoals:3 | Identified the Tome of the Supportive Voyage
 27782 | Shoals:4 | Entered Level 4 of the Shoals
 27827 | Shoals:4 | Got a clouded wooden ring
 27829 | Shoals:4 | Identified the ring "Yselock" {Fire Str+3 Int+2} (You found it on level 4 of the Shoals)
 28060 | Shoals:4 | Got a heavily runed glass ring
 28062 | Shoals:4 | Identified the ring of the Final Chapter {+Inv Stlth-} (You found it on level 4 of the Shoals)
 28252 | Shoals:4 | Reached XP level 19. HP: 179/209 MP: 13/13
 28403 | Shoals:4 | Got a transparent scythe
 28406 | Shoals:4 | Identified the +11 scythe of Fedhas's Hope {freeze, rPois rN++} (You found it on level 4 of the Shoals)
 28657 | Shoals:4 | Got a barnacled rune of Zot
 28934 | Vaults:1 | Entered Level 1 of the Vaults
 28966 | Vaults:1 | Noticed Nikola
 28978 | Vaults:1 | Killed Nikola
 30430 | Vaults:2 | Noticed Boris
 30442 | Vaults:2 | Killed Boris
 30620 | Vaults:2 | Found a staircase to the Crypt.
 30734 | Vaults:2 | Reached XP level 20. HP: 221/221 MP: 15/15
 30996 | Vaults:2 | Gained mutation: You can translocate small distances at will. [evolution]
 31230 | Vaults:2 | Found Nieclad's Jewellery Shop.
 31548 | Vaults:3 | Got a translucent scale mail
 31559 | Vaults:3 | Identified the +6 scale mail "Nic Iwni" {rPois} (You found it on level 3 of the Vaults)
 31800 | Vaults:3 | Noticed Asterion
 31809 | Vaults:3 | Killed Asterion
 31854 | Vaults:3 | Found a gateway to a bazaar.
 31899 | Bazaar   | Entered a bazaar
 31904 | Bazaar   | Found Daohene's Distillery.
 31917 | Bazaar   | Found Patumaele's Gadget Shop.
 31930 | Bazaar   | Found Suusaem's Distillery.
 31962 | Bazaar   | Found Gawn's Book Boutique.
 31988 | Bazaar   | Bought a potion of heal wounds for 60 gold pieces
 31988 | Bazaar   | Bought a potion of heal wounds for 60 gold pieces
 32000 | Bazaar   | Bought a potion of heal wounds for 50 gold pieces
 32000 | Bazaar   | Bought a potion of heal wounds for 50 gold pieces
 32000 | Bazaar   | Bought a potion of heal wounds for 50 gold pieces
 32239 | Vaults:3 | Gained mutation: You have hoof-like feet. [evolution]
 33138 | Vaults:4 | Reached XP level 21. HP: 233/233 MP: 16/16
 33810 | Vaults:4 | Noticed a golden dragon
 33827 | Vaults:4 | Killed a golden dragon
 33914 | Vaults:5 | Entered Level 5 of the Vaults
 34093 | Depths:1 | Entered Level 1 of the Depths
 34228 | Depths:1 | Noticed Jorgrun
 34241 | Depths:1 | Reached skill level 15 in Armour
 34248 | Depths:1 | Killed Jorgrun
 34704 | Depths:1 | Found a gateway to Hell.
 34896 | Depths:2 | Got a warped brass ring
 34898 | Depths:2 | Identified the ring "Iwni" {rPois rC- rN++ Str+2 Stlth+} (You found it on level 2 of the Depths)
 35053 | Depths:2 | Found Norgh's Distillery.
 35060 | Depths:2 | Bought a potion of berserk rage for 80 gold pieces
 35089 | Depths:2 | Noticed Bai Suzhen
 35104 | Depths:2 | Killed Bai Suzhen
 35222 | Depths:2 | Reached XP level 22. HP: 245/245 MP: 17/17
 35354 | Depths:2 | Got a heavily runed bronze ring
 35356 | Depths:2 | Identified the ring of Qedoemn {Wiz rF+ rC- Str+2} (You found it on level 2 of the Depths)
 35465 | Depths:2 | Got a faintly humming helmet
 35476 | Depths:2 | Identified the +0 helmet "Juubel" {rN++} (You found it on level 2 of the Depths)
 35505 | Depths:2 | Found Uzienack's General Store.
 35693 | Depths:2 | Got a transparent war axe
 35694 | Depths:2 | Identified the +10 war axe "Hauguit" {chop, +Fly rF+ Dex-2} (You found it on level 2 of the Depths)
 35859 | Depths:3 | Found Wumaheoss's Jewellery Emporium.
 35869 | Depths:3 | Bought the ring of Kibaschum {EV+2 Slay+6} for 675 gold pieces
 36308 | Depths:3 | Noticed a juggernaut
 36317 | Depths:3 | Killed a juggernaut
 36489 | Depths:3 | Gained mutation: Your body sometimes deteriorates upon taking damage. [evolution]
 36797 | Depths:3 | Found a one-way gate leading to the halls of Pandemonium.
 37295 | Depths:4 | Reached XP level 23. HP: 258/258 MP: 18/18
 37332 | Depths:4 | Paralysed by a floating eye for 2 turns
 37614 | Depths:4 | Found a one-way gate to the infinite horrors of the Abyss.
 37798 | Depths:5 | Entered Level 5 of the Depths
 37953 | Depths:5 | Found a gateway to a bazaar.
 38011 | Bazaar   | Entered a bazaar
 38011 | Bazaar   | Found Qiusaptyob's Antique Armour Shop.
 38011 | Bazaar   | Found Kas Ute's Antique Weapon Shop.
 38030 | Bazaar   | Bought the +18 shield of the Gong {rElec rN+ MR+ EV-5} for 1362 gold pieces
 38030 | Bazaar   | Found the +18 shield of the Gong {rElec rN+ MR+ EV-5}
 38048 | Bazaar   | Found Lucs's Distillery.
 38056 | Bazaar   | Bought a potion of heal wounds for 85 gold pieces
 38269 | Depths:5 | Found a gateway to a ziggurat.
 38642 | Depths:5 | Found a gate to the Realm of Zot.
 38732 | Depths:5 | Noticed a juggernaut
 38744 | Depths:5 | Killed a juggernaut
 39331 | Slime:1  | Entered Level 1 of the Pits of Slime
 39353 | Lair:6   | Gained mutation: Scrolls take you a little longer to read. [a shining eye]
 39467 | Lair:6   | Lost mutation: You occasionally shout uncontrollably at your foes. [evolution]
 39467 | Lair:6   | Lost mutation: You evolve. [end of evolution]
 40726 | Vaults:5 | Reached XP level 24. HP: 270/270 MP: 18/18
 40751 | Vaults:5 | Noticed an ancient lich
 40768 | Vaults:5 | Killed an ancient lich
 41108 | Vaults:5 | Got brightly glowing ice dragon scales
 41150 | Vaults:5 | Identified the cursed +0 ice dragon scales of Pantheism {rElec rF- rC++ Regen+ Str+3 Stlth+} (You found it on level 5 of the Vaults)
 41683 | Vaults:5 | Identified Further Steps in Witchcraft
 41845 | Vaults:5 | Got a pitted jade ring
 41899 | Vaults:5 | Got a glittering lapis lazuli ring
 41901 | Vaults:5 | Identified the ring "Puduh" {+Fly rElec rN+ MR+} (You found it on level 5 of the Vaults)
 41903 | Vaults:5 | Identified the ring "Foutos Xops" {rPois rF+ Int+2} (You found it on level 5 of the Vaults)
 42181 | Vaults:5 | Identified the Compendium of Clay and Envenoming
 42184 | Vaults:5 | Got a silver rune of Zot
 42193 | Vaults:5 | Identified Kyiherut's Disquisition on Confrontation
 42567 | Elf:1    | Entered Level 1 of the Elven Halls
 42937 | Elf:1    | Noticed Kirke
 42943 | Elf:1    | Killed Kirke
 43027 | Elf:1    | Reached skill level 10 in Dodging
 43163 | Elf:1    | Reached XP level 25. HP: 281/281 MP: 18/18
 43379 | Elf:1    | Noticed Agnes
 43391 | Elf:1    | Killed Agnes
 43735 | Elf:2    | Found a runed gate.
 43735 | Elf:2    | Found a runed gate.
 43735 | Elf:2    | Found a runed gate.
 43735 | Elf:2    | Noticed moogleknight's ghost (adept DrFE)
 43816 | Elf:2    | Killed moogleknight's ghost
 43993 | Elf:2    | Found Irhit's Distillery.
 44017 | Elf:2    | Bought a potion of heal wounds for 90 gold pieces
 44017 | Elf:2    | Bought a potion of berserk rage for 90 gold pieces
 44017 | Elf:2    | Bought 2 potions of haste for 360 gold pieces
 44017 | Elf:2    | Bought a potion of haste for 180 gold pieces
 44017 | Elf:2    | Bought a potion of might for 72 gold pieces
 44017 | Elf:2    | Bought a potion of agility for 72 gold pieces
 44058 | Elf:2    | Found Cohima's Antique Armour Shop.
 44158 | Elf:2    | Found a runed gate.
 44161 | Elf:2    | Found a runed gate.
 44162 | Elf:2    | Found a runed gate.
 44205 | Elf:2    | Found Okaidd's Book Emporium.
 44729 | Elf:3    | Entered Level 3 of the Elven Halls
 44853 | Elf:3    | Found Nilypp's General Store.
 44859 | Elf:3    | Found Ykoec's Armour Shoppe.
 45008 | Elf:3    | Reached skill level 27 in Shields
 45014 | Elf:3    | Identified the +2 battleaxe "Omiuz" {flame, rElec rF- rC+ MR+} (You took it off a deep elf death mage on level 3 of the Elven Halls)
 45044 | Elf:3    | Identified Sif Muna's Almanac of the Three Suns
 45641 | Elf:3    | Got a warped bone ring
 45643 | Elf:3    | Got a jewelled hand axe {freeze}
 45646 | Elf:3    | Identified the +8 hand axe of Vaeqisu {freeze, rN+ Str+3 Dex+4} (You took it off a deep elf sorcerer on level 3 of the Elven Halls)
 45648 | Elf:3    | Identified the cursed ring "Denoicol" {*Slow +Fly rC+ EV-3} (You took it off a deep elf sorcerer on level 3 of the Elven Halls)
 45711 | Elf:3    | Found the +2 hat of the Bear Spirit {Spirit, +Rage rN+ MR++}
 45713 | Elf:3    | Got an ancient bronze amulet
 45716 | Elf:3    | Identified the amulet of the Greedy {*Corrode +Rage rElec Str+3 Dex+2} (You took it off a deep elf sorcerer on level 3 of the Elven Halls)
 45726 | Elf:3    | Identified the Handbook of Entrancing Enhancements
 45728 | Elf:3    | Identified Gewkam's Handbook of Toxins
 45736 | Elf:3    | Identified Zuephah's Papyrus of Kismet
 46187 | Depths:4 | Voluntarily entered the Abyss.
 47087 | Abyss:1  | Paralysed by accursed screaming for 1 turns
 47349 | Abyss:1  | Reached XP level 26. HP: 294/294 MP: 18/18
 47499 | Abyss:2  | Found a corrupted altar of Lugonu.
 48030 | Abyss:4  | Paralysed by accursed screaming for 1 turns
 48098 | Abyss:4  | Gained mutation: Your body often deteriorates upon taking damage. [a neqoxec]
 48155 | Abyss:5  | Entered Level 5 of the Abyss
 48244 | Abyss:5  | Lost mutation: You have an increased reservoir of magic. (+10% MP) [a neqoxec]
 48248 | Abyss:5  | Gained mutation: You expend magic power (3 MP) to strengthen your wands. [a neqoxec]
 48664 | Abyss:5  | Reached XP level 27. HP: 309/309 MP: 16/16
 48679 | Abyss:5  | Reached skill level 27 in Axes
 48726 | Abyss:5  | Paralysed by accursed screaming for 2 turns
 48962 | Abyss:5  | Got an abyssal rune of Zot
 49012 | Depths:4 | Escaped the Abyss
 49761 | Slime:2  | Noticed Dissolution
 49767 | Slime:2  | Killed Dissolution
 50058 | Slime:5  | Entered Level 5 of the Pits of Slime
 50062 | Slime:5  | Gained mutation: You often lose your temper in combat. [a shining eye]
 50100 | Slime:5  | Noticed the Royal Jelly
 50184 | Slime:5  | Killed the Royal Jelly
 50214 | Slime:5  | HP: 11/316 [acid (6)]
 50215 | Slime:5  | HP: 1/316 [acid blob/splash of acid (10)]
 50215 | Slime:5  | Splashed by an acid blob's acid

Vault maps used:
D:1:      lemuel_arrival_river_bridge
D:2:      first_ration, serial_undead, serial_undead_d, serial_undead_e,
          serial_undead_b, serial_undead_d, uniq_crazy_yiuf_cottage
D:3:      kb_forest_paths, ebering_ghost_gozag, supply_closet_lemuel,
          grunt_ministairs_15
D:4:      temple_hall, nicolae_gozag_cash_rules_everything_around_me
D:5:      serial_shops, shop, serial_glass, glass_columns_b, glass_columns_a,
          glass_columns_b, glass_columns_b, glass_columns_c, glass_columns_a,
          glass_columns_a, glass_columns_c, glass_columns_b, glass_columns_b,
          uniq_duvessa
D:6:      cheibrodos_sewer_entry_sluice
D:7:      nicolae_overflow_crystal_walls, serial_shops,
          nicolae_shop_overgrown_old_shop
D:8:      grunt_lair_entry_orc_guard_hut
D:9:      the_bakery, hangedman_feature_mirror
D:10:     kennysheep_ambush_hall, kennysheep_orc_monster_closet_entryway,
          kennysheep_cross_bottleneck, minmay_misc_feat_ornament,
          serial_bayou_ford_a
D:11:     serial_shops, nicolae_shop_competitors_out_of_business,
          nicolae_shop_window_shopping, nicolae_shop_statue_plus,
          grunt_qazlal_clouds, uniq_erica, uniq_erolcha
D:12:     elves_outpost_lemuel, uniq_nessos
D:14:     david_vaults_3, nicolae_dithmenos_shadow_blocks, lab_entry_generic
D:15:     grunt_enter_depths_hoard, gammafunk_ghost_hydra_chop, uniq_louise
Temple:   compressed_dpeg_circular_temple
Lair:1:   lemuel_fruit_fields, grunt_megastairs_4
Lair:2:   elwin_shoals_entry_stream, minmay_snake_entry_guardpost_small,
          portal_ice_cave_entry_pillars_2
Lair:3:   grunt_megastairs_1
Lair:5:   minivault_27, pf_torpor_hydra, infiniplex_staircase_pool,
          lemuel_fruit_fields
Lair:6:   due_jungle_book, minmay_slime_entry_pillars, st_stairs_4
Shoals:1: serial_shops, shop_statue
Shoals:2: nicolae_shoals_undead_eyrie, uniq_aizul, uniq_polyphemus
Shoals:3: cheibrodos_shoals_epimethial_gifts,
          nicolae_shoals_water_elemental_grotto, uniq_ilsuiw
Shoals:4: shoals_end_grunt_ice
Snake:1:  basic_altar, st_stairs_11
Snake:2:  serial_bayou, serial_bayou_pond_c, serial_bayou_shore_a,
          serial_bayou_lagoon_a, serial_bayou_pond_b
Snake:4:  snake_pit_salamanders_mu
Slime:1:  cheibrodos_slime_lost_civilization_5
Slime:2:  dissolution_awaits
Orc:2:    grunt_orc_gardens, grunt_orc_garden, grunt_orc_garden,
          grunt_orc_garden, grunt_orc_garden, nicolae_orc_tapped_out
Elf:1:    elf_arrival_002, kennysheep_underground_church,
          nicolae_elf_glass_and_crystal_pillar_2, uniq_agnes, uniq_kirke
Elf:2:    ebering_ghost_rock_garden, serial_shops, shop, shop_fountains, shop
Elf:3:    elf_hall_gauntlet_wide, minmay_shoptagon
Vaults:1: nicolae_vaults_little_squares_5, nicolae_vaults_little_squares_3,
          ontoclasm_vaults_hangar, v_alt_pattern_1,
          nicolae_vaults_specimen_jars, ontoclasm_vaults_loading_screen,
          st_cross, vaults_room_boxed, v_alt_pattern_6,
          ontoclasm_vaults_shuriken, vaults_room_corners, vaults_room_door_ring,
          ontoclasm_vaults_fault, v_misc_16, nicolae_vaults_theta, v_rooms_6,
          uniq_nikola
Vaults:2: v_misc_22, v_alt_pattern_4, v_misc_3,
          minmay_crypt_entry_simple_statues, nicolae_vaults_mini_display_case,
          nicolae_vaults_little_squares_2, serial_ice_m,
          ontoclasm_vaults_claustrophobia, serial_shops, shop, uniq_boris
Vaults:3: hangedman_vaults_stream, grunt_vaults_trifunnel, vaults_room_fours,
          v_misc_2, nicolae_vaults_hallways_thing, vaults_mumra_chevron,
          grunt_vaults_funnel, vaults_dpeg_encased_lava, v_rooms_4,
          serial_shops, statue_bzr, uniq_asterion
Vaults:4: v_misc_8, hangedman_vaults_capsules, ontoclasm_vaults_chip,
          vaults_room_hallway, ontoclasm_vaults_shout
Vaults:5: serial_shops
Depths:1: pf_hell_entry_great_geh, kennysheep_generic_room_10, uniq_jorgrun
Depths:2: hangedman_spin_cycle, serial_shops, hell_entry, uniq_bai_suzhen
Depths:3: minmay_shrinking_squares, serial_shops, shop, rand_demon_pan_entry_4,
          hangedman_decor_opposing, hell_entry, minmay_staircase_statues,
          grunt_megastairs_3
Depths:4: minmay_ornate_pinched, marbit_kobold_abyss_entry,
          hangedman_tar_grid_catacomb, serial_sigils,
          serial_sigils_hangedman_stare, serial_sigils_hangedman_writhe,
          hangedman_decor_growths
Depths:5: grunt_zot_entry_tricorne, enter_ziggurat_c, grunt_pan_entry_spiral,
          serial_shops, bzr_entry_water, serial_co_window_serial,
          co_window_paths_a, co_window_paths_b, co_window_corner_a,
          co_window_cross_1, co_window_of_opportunity_a,
          co_window_of_opportunity_a, co_window_cross_4, co_window_corner_cb,
          co_window_broadway_b, hell_entry, serial_bayou_shore_b
Abyss:3:  hangedman_abyss_overflow_altar, nicolae_abyss_rune_star_stuff
Abyss:4:  hangedman_abyss_lost_library
Lab:      nicolae_lab_dead_adventurers, nicolae_lab_plus, nicolae_lab_t_cross,
          labyrinth_glass_1
Bazaar:   bazaar_jpeg_honeycomb, bazaar_jpeg_cross
Sewer:    sewer_kobolds
IceCv:    ice_cave_caverns_01

Skill      XL: |  1  2  3  4  5  6  7  8  9 10 11 12 13 14 15 16 17 18 19 20 21 22 23 24 25 26 27 |
---------------+----------------------------------------------------------------------------------+-----
Shields        | 4 5 6 7 9 10 11 12 14 15 17 18 20 21 22 23 24 25 26 27 | 27.0
Axes           | 3 5 7 9 10 12 13 14 16 17 18 19 20 21 22 23 24 25 26 27 | 27.0
Armour         | 4 5 6 7 9 10 11 12 13 14 15 16 17 18 19 | 19.7
Fighting       | 3 4 5 6 7 8 10 11 13 15 16 17 18 19 20 21 23 24 | 24.4
Dodging        | 1 2 3 4 5 6 7 8 9 10 | 10.7
Long Blades    | 1 |  1.2

Action                   |  1- 3 |  4- 6 |  7- 9 | 10-12 | 13-15 | 16-18 | 19-21 | 22-24 | 25-27 || total
-------------------------+-------+-------+-------+-------+-------+-------+-------+-------+-------++-------
Melee: War axe           |   118 |   211 |   373 |   638 |   872 |  1194 |   625 |   942 |  1501 ||  6474
       Executioner's axe |       |       |       |       |    36 |       |       |       |       ||    36
       Scimitar          |       |       |       |       |    11 |       |       |       |       ||    11
       Broad axe         |       |       |       |       |       |       |   571 |   106 |       ||   677
Invok: Minor Destruction |       |       |       |     9 |       |       |       |    12 |       ||    21
       Lesser Servant of |       |       |       |     2 |     5 |       |       |       |       ||     7
 Abil: Heal Wounds       |     1 |     1 |     4 |    13 |     8 |     2 |     2 |     1 |       ||    32
Evoke: Wand              |       |       |       |    13 |     4 |     1 |       |     1 |       ||    19
  Use: Scroll            |     6 |     3 |     6 |     9 |    17 |     6 |     6 |     6 |     9 ||    68
       Potion            |       |     5 |     5 |     3 |     8 |     1 |       |     3 |     1 ||    26
 Stab: Invisible         |       |       |       |       |    21 |       |       |       |       ||    21
       Petrified         |       |       |       |       |       |     2 |       |       |       ||     2
       Distracted        |       |       |       |       |       |       |       |       |     1 ||     1
  Eat: Chunk             |     1 |     6 |    11 |    18 |     4 |    23 |    18 |    13 |     8 ||   102
       Ration            |       |       |     1 |       |     9 |       |     2 |     5 |     5 ||    22
Armor: Scale mail        |    39 |    29 |       |       |       |       |       |       |       ||    68
       Swamp dragon scal |       |    23 |    90 |    72 |       |       |       |       |       ||   185
       Chain mail        |       |       |       |   290 |   436 |   170 |       |       |       ||   896
       Plate armour      |       |       |       |       |       |   258 |   213 |   317 |   280 ||  1068
Dodge: Dodged            |    36 |   142 |   250 |   525 |   431 |   377 |   225 |   239 |   225 ||  2450
Block: Shield            |    68 |   121 |   214 |   556 |   186 |       |       |   684 |  1545 ||  3374
       Large shield      |       |       |       |       |   521 |  1515 |  1198 |   566 |       ||  3800
       Buckler           |       |       |       |       |    24 |       |       |       |       ||    24
       Rpst.: Scimitar   |       |       |       |       |     2 |       |       |       |       ||     2

Table legend:
 A = Spawn XP
 B = Non-spawn XP
 C = Spawn XP percentage of total XP
 D = Spawn monster count
 E = Non-spawn monster count
 F = Spawn count percentage of total count
 G = Total turns spent on level
                    A         B        C        D         E        F      G
               +---------+---------+-------+---------+---------+-------+---------
         Total |  244603 | 1411193 |  14.8 |     396 |    2460 |  13.9 | 50215
               +---------+---------+-------+---------+---------+-------+---------
           D:1 |       0 |      53 |   0.0 |       0 |      31 |   0.0 |   848
           D:2 |       0 |     144 |   0.0 |       0 |      26 |   0.0 |   753
           D:3 |       0 |     354 |   0.0 |       0 |      38 |   0.0 |   998
           D:4 |       0 |     657 |   0.0 |       0 |      20 |   0.0 |   756
           D:5 |       0 |     957 |   0.0 |       0 |      16 |   0.0 |   752
           D:6 |       0 |     572 |   0.0 |       0 |      18 |   0.0 |   962
           D:7 |       0 |     584 |   0.0 |       0 |      13 |   0.0 |   806
           D:8 |       0 |    2203 |   0.0 |       0 |      33 |   0.0 |  1322
           D:9 |       0 |    2760 |   0.0 |       0 |      31 |   0.0 |  1000
          D:10 |       0 |    7222 |   0.0 |       0 |      63 |   0.0 |  1183
          D:11 |       0 |    3716 |   0.0 |       0 |      32 |   0.0 |  1179
          D:12 |       0 |   15479 |   0.0 |       0 |      53 |   0.0 |  1545
          D:13 |       0 |    7656 |   0.0 |       0 |      24 |   0.0 |   735
          D:14 |       0 |   18820 |   0.0 |       0 |      62 |   0.0 |   718
          D:15 |       0 |   16175 |   0.0 |       0 |      29 |   0.0 |  1284
        Lair:1 |       0 |    1139 |   0.0 |       0 |       6 |   0.0 |   807
        Lair:2 |       0 |    5309 |   0.0 |       0 |      17 |   0.0 |   989
        Lair:3 |       0 |    9443 |   0.0 |       0 |      25 |   0.0 |  1240
        Lair:4 |       0 |    8537 |   0.0 |       0 |      29 |   0.0 |   672
        Lair:5 |       0 |    3572 |   0.0 |       0 |      13 |   0.0 |  1145
        Lair:6 |       0 |   32031 |   0.0 |       0 |      62 |   0.0 |  1218
      Shoals:1 |       0 |   10561 |   0.0 |       0 |      26 |   0.0 |   656
      Shoals:2 |       0 |   24768 |   0.0 |       0 |      43 |   0.0 |   825
      Shoals:3 |       0 |   26637 |   0.0 |       0 |      51 |   0.0 |   816
      Shoals:4 |       0 |   26985 |   0.0 |       0 |      47 |   0.0 |   904
       Snake:1 |       0 |   18569 |   0.0 |       0 |      37 |   0.0 |   681
       Snake:2 |       0 |   24971 |   0.0 |       0 |      40 |   0.0 |  1220
       Snake:3 |       0 |   16584 |   0.0 |       0 |      31 |   0.0 |   775
       Snake:4 |       0 |   78338 |   0.0 |       0 |     127 |   0.0 |  1137
       Slime:1 |       0 |   10015 |   0.0 |       0 |      11 |   0.0 |   328
       Slime:2 |       0 |   18057 |   0.0 |       0 |      13 |   0.0 |   157
       Slime:3 |       0 |    1049 |   0.0 |       0 |       4 |   0.0 |    13
       Slime:4 |       0 |   18825 |   0.0 |       0 |      27 |   0.0 |   178
       Slime:5 |       0 |   36999 |   0.0 |       0 |      26 |   0.0 |   106
         Orc:1 |       0 |    2755 |   0.0 |       0 |      25 |   0.0 |   549
         Orc:2 |       0 |   10667 |   0.0 |       0 |      34 |   0.0 |   693
         Elf:1 |       0 |   40287 |   0.0 |       0 |      66 |   0.0 |  1211
         Elf:2 |       0 |   53359 |   0.0 |       0 |      72 |   0.0 |  1028
         Elf:3 |       0 |   53946 |   0.0 |       0 |      43 |   0.0 |  1143
      Vaults:1 |       0 |   62085 |   0.0 |       0 |      91 |   0.0 |  1566
      Vaults:2 |       0 |   65143 |   0.0 |       0 |     102 |   0.0 |  1374
      Vaults:3 |       0 |   54711 |   0.0 |       0 |      88 |   0.0 |  1205
      Vaults:4 |       0 |   49390 |   0.0 |       0 |      77 |   0.0 |  1300
      Vaults:5 |       0 |  172838 |   0.0 |       0 |     157 |   0.0 |  1550
      Depths:1 |       0 |   40509 |   0.0 |       0 |      57 |   0.0 |   737
      Depths:2 |       0 |   84497 |   0.0 |       0 |      86 |   0.0 |  1157
      Depths:3 |       0 |   66708 |   0.0 |       0 |      71 |   0.0 |  1127
      Depths:4 |       0 |   45245 |   0.0 |       0 |      53 |   0.0 |  1093
      Depths:5 |       0 |   78584 |   0.0 |       0 |      71 |   0.0 |  1106
       Abyss:1 |   29967 |   19819 |  60.2 |      53 |      52 |  50.5 |  1210
       Abyss:2 |    6676 |    6561 |  50.4 |      11 |       9 |  55.0 |   336
       Abyss:3 |    3824 |    5117 |  42.8 |      10 |      11 |  47.6 |   166
       Abyss:4 |   22725 |    5099 |  81.7 |      39 |      19 |  67.2 |   256
       Abyss:5 |  181411 |   28819 |  86.3 |     283 |      82 |  77.5 |   857
           Lab |       0 |    1718 |   0.0 |       0 |       3 |   0.0 |   569
         Sewer |       0 |     136 |   0.0 |       0 |      10 |   0.0 |   187
         IceCv |       0 |   13459 |   0.0 |       0 |      57 |   0.0 |   774
               +---------+---------+-------+---------+---------+-------+---------
